 Dungeon Crawl Stone Soup version 0.26-a0-690-gcb57259078 (webtiles) character file.

Game seed: 7039262240419075830

8973 jasper the Slicer (level 11, -2/103 HPs)
             Began as a Kobold Berserker on Oct 24, 2020.
             Was an Elder of Trog.
             Slain by a two-headed ogre
             ... wielding a +0 giant club
              (11 damage)
             ... on level 8 of the Dungeon.
             The game lasted 00:12:44 (10654 turns).

jasper the Slicer (Kobold Berserker)               Turns: 10654, Time: 00:12:44

Health: -2/103     AC: 12    Str: 19    XL:     11   Next: 65%
Magic:  11/11      EV: 17    Int:  8    God:    Trog [****..]
Gold:   91         SH: 11    Dex: 20    Spells: 10/10 levels left

rFire    x . .     SeeInvis .   F - +0 rapier
rCold    + . .     Faith    .   h - +0 kite shield
rNeg     . . .     Spirit   .   v - +0 scale mail
rPois    .         Reflect  .   x - +0 helmet
rElec    .         Harm     .   H - scarf {repulsion}
rCorr    .         Rampage  .   (no gloves)
MR       .....                  B - +2 pair of boots
Stlth    ..........             (no amulet)
HPRegen  0.27/turn              w - +6 ring of dexterity
MPRegen  0.12/turn              s - ring of ice

@: berserking, repel missiles, very quick
A: small, nightstalker 3
a: Berserk, Trog's Hand, Brothers in Arms, Renounce Religion


You were on level 8 of the Dungeon.
You worshipped Trog.
Trog was greatly pleased with you.
You visited 1 branch of the dungeon, and saw 9 of its levels.

You collected 403 gold pieces.
You spent 312 gold pieces at shops.

Inventory:

Hand Weapons
 a - a +0 short sword
 g - a +2 dagger of holy wrath
 F - a +0 rapier (weapon)
Missiles
 c - 316 stones
 i - 12 boomerangs (quivered)
Armour
 f - a +0 chain mail
 h - a +0 kite shield (worn)
 k - a +1 hat
 v - a +0 scale mail (worn)
 x - a +0 helmet (worn)
 B - a +2 pair of boots (worn)
 D - a +0 buckler
 H - a scarf of repulsion (worn)
 L - a +0 cloak
Jewellery
 n - an uncursed ring of wizardry
 s - a ring of ice (right hand)
 w - a +6 ring of dexterity (left hand)
 Q - an uncursed ring of ice
Wands
 b - a wand of enslavement (12)
 o - a wand of iceblast (6)
 K - a wand of disintegration (11)
 M - a wand of random effects (26)
 N - a wand of polymorph (8)
 S - a wand of digging (3)
Scrolls
 d - 3 scrolls of remove curse
 e - 3 scrolls of teleportation
 p - 2 scrolls of fog
 t - a scroll of random uselessness {unknown}
 u - a scroll of noise {unknown}
 y - 2 scrolls of blinking {unknown}
 A - 3 scrolls of enchant armour {unknown}
 G - a scroll of immolation {unknown}
 I - 2 scrolls of summoning
 J - a scroll of torment {unknown}
 O - a scroll of fear {unknown}
 P - a scroll of identify
 T - a scroll of magic mapping {unknown}
Potions
 j - a potion of haste
 l - 2 potions of lignification
 m - a potion of flight
 q - 3 potions of might
 r - 3 potions of heal wounds
 z - 3 potions of mutation {unknown}
 C - a potion of brilliance {unknown}
 E - 2 potions of curing {unknown}
 U - a potion of degeneration {unknown}


   Skills:
 + Level 8.5 Fighting
 * Level 13.3 Short Blades
 + Level 6.2 Armour
 + Level 8.9 Dodging
 + Level 5.7 Shields


You had 10 spell levels left.
You didn't know any spells.
Your spell library was empty.

Dungeon Overview and Level Annotations

Branches:
Dungeon (9/15)             Temple (0/1) D:6            Lair (0/6) D:8
    Orc: D:9-12

Altars:
Ashenzari
Cheibriados
Dithmenos
Fedhas
Kikubaaqudgha
Nemelex Xobeh
Ru
Uskayaw
Zin

Shops:
D:7 }:


Innate Abilities, Weirdness & Mutations

You are small and have problems with some larger weapons.
You are completely attuned to the shadows.


Message History

The two-headed ogre barely misses you.
The two-headed ogre hits you with a +0 giant club.
The two-headed ogre hits you with a +0 giant club!!
There is a stone staircase leading up, spattered with blood here.
You take 41 damage, and have 28/69 hp.
MASSIVE DAMAGE!!
Unknown command.
You climb upwards.
There is a stone staircase leading down, spattered with blood here.
A red film seems to cover your vision as you go berserk!
You feel yourself moving faster!
You feel mighty!
The two-headed ogre hits you with a +0 giant club!!
* * * LOW HITPOINT WARNING * * *
The two-headed ogre hits you with a +0 giant club!
* * * LOW HITPOINT WARNING * * *
You now have 9/103 hp.
You barely miss the two-headed ogre. You puncture the two-headed ogre!
The two-headed ogre is lightly wounded.
The two-headed ogre hits you with a +0 giant club!
You die...

.# #.............+.......#.#.
.#######.........#####.......#.#.
†................#......######.#.
..######..:......#.####.# #.#.
..# #.#+###+#.#.####.# #.#. ..#
####'#.# #(#[#.#....## #.#. ###
#......# #.[)#.#.#...#####.#.
#......# ##......'.........#. ##
#......# #.@#.#.#...#######.
.####......####O##.#.............
...##................############
...++............(>..#
...##.....######.....# #######
...#####'### #.....######.....#
[[.####....# ##..#..........#..
.....##....# #..##...#.......#
.....''....# ##.##..#........#


You could see a two-headed ogre.

Vanquished Creatures
  Gastronok (D:9)
  2 death yaks (D:8)
  Joseph (D:7)
  Psyche (D:9)
  A troll (D:9)
  Grinder (D:3)
  3 yaks (D:8)
  A wyvern (D:8)
  Duvessa (D:4)
  2 orc warriors
  A sky beast (D:8)
  3 ice beasts
  2 phantoms (D:4)
  3 black bears
  A hornet zombie (D:9)
  7 ogres
  A necrophage (D:7)
  A centaur (D:9)
  A big kobold (D:8)
  3 lemures
  7 bullfrogs
  Blork the orc (D:6)
  2 scorpions
  Dowan (D:4)
  5 wights (D:8)
  A howler monkey (D:8)
  A jelly (D:9)
  A bullfrog zombie (D:7)
  6 orc priests
  3 hounds
  Jessica (D:3)
  5 iguanas
  9 orc wizards
  4 worker ants
  A killer bee zombie (D:7)
  2 hound zombies
  A hound skeleton (D:8)
  A worker ant zombie (D:7)
  4 gnolls (D:6)
  7 adders
  2 white imps (D:5)
  3 ufetubi
  2 oozes
  3 adder skeletons
  4 worms
  2 dart slugs
  A leopard gecko (D:3)
  40 orcs
  A ball python (D:1)
  5 giant cockroaches
  10 goblins
  5 hobgoblins
  28 jackals
  3 quokkas
  4 bats
  4 frilled lizards
  10 kobolds
  A quokka skeleton (D:4)
  7 rats
  2 rat zombies (D:9)
237 creatures vanquished.

Vanquished Creatures (collateral kills)
  A death yak (D:8)
  A yak (D:8)
2 creatures vanquished.

Grand Total: 239 creatures vanquished

Notes
Turn   | Place    | Note
-------+----------+-------------------------------------------
     0 | D:1      | jasper the Kobold Berserker began the quest for the Orb.
     0 | D:1      | Reached XP level 1. HP: 14/14 MP: 1/1
    64 | D:1      | Reached XP level 2. HP: 14/19 MP: 2/2
   462 | D:1      | Reached XP level 3. HP: 17/23 MP: 3/3
  1088 | D:2      | Found a sacrificial altar of Ru.
  1137 | D:2      | Reached skill level 5 in Short Blades
  1137 | D:2      | Reached XP level 4. HP: 25/29 MP: 4/4
  1260 | D:2      | Reached ** piety under Trog
  2077 | D:3      | Reached XP level 5. HP: 33/33 MP: 5/5
  2333 | D:3      | Noticed Jessica
  2334 | D:3      | Noticed Grinder
  2349 | D:3      | Killed Jessica
  2349 | D:3      | Reached skill level 1 in Shields
  2370 | D:3      | Killed Grinder
  2370 | D:3      | Reached skill level 6 in Short Blades
  2370 | D:3      | Reached XP level 6. HP: 38/39 MP: 6/6
  2421 | D:3      | Reached XP level 7. HP: 44/44 MP: 7/7
  3226 | D:4      | Noticed Dowan
  3232 | D:4      | Reached skill level 7 in Short Blades
  3240 | D:4      | Killed Dowan
  3333 | D:4      | Noticed Duvessa
  3345 | D:4      | Killed Duvessa
  3345 | D:4      | Reached XP level 8. HP: 34/48 MP: 8/8
  3567 | D:4      | Reached skill level 5 in Fighting
  3909 | D:4      | Found a broken altar of Ashenzari.
  3964 | D:4      | Reached skill level 8 in Short Blades
  4234 | D:4      | Reached skill level 5 in Dodging
  4304 | D:4      | Found a sparkling altar of Nemelex Xobeh.
  4425 | D:4      | Reached *** piety under Trog
  4857 | D:5      | Entered Level 5 of the Dungeon
  5425 | D:5      | You fall into a shaft and drop 3 floors!
  5453 | D:8      | Reached XP level 9. HP: 55/55 MP: 9/9
  5574 | D:8      | Noticed a death yak
  5604 | D:8      | Noticed a death yak
  5609 | D:8      | Killed a death yak
  5609 | D:8      | Reached skill level 9 in Short Blades
  5617 | D:8      | Noticed a death yak
  5661 | D:8      | Reached skill level 10 in Short Blades
  6109 | D:8      | Reached XP level 10. HP: 61/61 MP: 10/10
  6909 | D:5      | Reached skill level 11 in Short Blades
  6978 | D:5      | Found a blossoming altar of Fedhas.
  7194 | D:6      | Noticed Blork the orc
  7202 | D:6      | Reached skill level 5 in Armour
  7213 | D:6      | Killed Blork the orc
  7324 | D:6      | You fall into a shaft and drop 3 floors!
  7352 | D:8      | Reached **** piety under Trog
  7710 | D:6      | Found a shadowy altar of Dithmenos.
  7793 | D:6      | Found a staircase to the Ecumenical Temple.
  7876 | D:6      | Found a glowing silver altar of Zin.
  8068 | D:7      | Noticed Joseph
  8079 | D:7      | Killed Joseph
  8424 | D:7      | Paralysed by an orc for 3 turns
  8533 | D:7      | Found Boimomn's Book Shop.
  8552 | D:7      | Found Jycacweu's Gadget Shop.
  8557 | D:7      | Bought a wand of paralysis (8) for 130 gold pieces
  8557 | D:7      | Bought a wand of digging (3) for 182 gold pieces
  8609 | D:7      | Reached ***** piety under Trog
  9139 | D:8      | Found a staircase to the Lair.
  9388 | D:8      | Killed a death yak
  9388 | D:8      | Reached skill level 12 in Short Blades
  9388 | D:8      | Reached skill level 5 in Shields
  9394 | D:8      | Reached XP level 11. HP: 68/68 MP: 11/11
  9405 | D:8      | Killed a death yak
  9847 | D:9      | Found a hide-covered altar of Uskayaw.
  9849 | D:9      | Found a snail-covered altar of Cheibriados.
  9932 | D:9      | Noticed Gastronok
  9952 | D:9      | Killed Gastronok
  9952 | D:9      | Reached skill level 13 in Short Blades
 10066 | D:9      | Noticed Psyche
 10080 | D:9      | Killed Psyche
 10107 | D:9      | Found an ancient bone altar of Kikubaaqudgha.
 10333 | D:9      | Noticed a two-headed ogre
 10654 | D:8      | Slain by a two-headed ogre

Illustrated notes

Levels and vault maps discovered:
D:1:      saegor_arrival_simple_b, layout_basic, serial_bayou_ford_a
D:2:      layout_loops_cross, lemuel_crystal_altar, hangedman_feature_mirror
D:3:      layout_basic, serial_bayou_lagoon_b, uniq_jessica, uniq_grinder
D:4:      minmay_wonky_spiral, layout_loops_ring,
          nicolae_overflow_crystal_walls, nicolae_ashenzari_panopticon,
          uniq_duvessa
D:5:      layout_basic, lemuel_coloured_pillars_altar
D:6:      layout_cave_pools, nicolae_overflow_hidden_temple,
          minmay_temple_entry_enclosed_plants, basic_altar, uniq_blork_the_orc
D:7:      layout_basic, serial_shops, shop_statue, nicolae_shop_stone,
          grunt_tough_drop, uniq_joseph
D:8:      layout_basic, dpeg_lair_monsters, chequers_serial_rivers_large_a,
          nrook_mini_vaults
D:9:      layout_irregular_city, lemuel_doored_altar,
          lemuel_zombie_altar_kikubaaqudgha,
          chequers_temple_overflow_statue_of_worship, uniq_psyche,
          uniq_gastronok, uniq_grum, uniq_pikel

Skill      XL: |  1  2  3  4  5  6  7  8  9 10 11 |
---------------+----------------------------------+-----
Dodging        | 3 4 5 6 8 |  8.9
Short Blades   | 5 6 7 8 10 12 13 | 13.3
Armour         | 2 3 4 5 6 |  6.2
Fighting       | 4 5 6 7 8 |  8.5
Shields        | 1 2 3 4 5 |  5.7

Action                   |  1- 3 |  4- 6 |  7- 9 | 10-12 || total
-------------------------+-------+-------+-------+-------++-------
Melee: Short sword       |    85 |    91 |    97 |       ||   273
       Dagger            |       |       |    10 |       ||    10
       Rapier            |       |       |   285 |   538 ||   823
Throw: Stone             |     5 |       |       |       ||     5
       Boomerang         |       |     2 |       |    11 ||    13
Invok: Berserk           |     2 |     3 |    12 |    14 ||    31
       Trog's Hand       |       |     1 |     2 |     1 ||     4
       Brothers in Arms  |       |       |       |     1 ||     1
Evoke: Wand              |       |       |       |    11 ||    11
  Use: Scroll            |       |       |     9 |     1 ||    10
 Stab: Sleeping          |     1 |       |       |     2 ||     3
       Paralysed         |       |       |       |     3 ||     3
Armor: Chain mail        |    14 |    10 |       |       ||    24
       Scale mail        |       |    21 |    91 |    87 ||   199
Dodge: Dodged            |    31 |    27 |   102 |   230 ||   390
       Repelled          |       |       |       |     3 ||     3
Block: Kite shield       |    25 |    36 |    91 |   246 ||   398

Table legend: (Time is in decaauts)
 A = Elapsed time spent in this place.
 B = Non-inter-level travel time spent in this place.
 C = Inter-level travel time spent in this place.
 D = Time resting spent in this place.
 E = Time spent auto-exploring this place.
 F = Levels seen in this place.
 G = Mean time per level.
                   A        B        C        D        E       F      G
               +--------+--------+--------+--------+--------+-----+--------+
         Total |  10713 |  10277 |    436 |   1794 |   6726 |   9 | 1190.3 |
       Dungeon |  10713 |  10277 |    436 |   1794 |   6726 |   9 | 1190.3 |
               +--------+--------+--------+--------+--------+-----+--------+

Top non-repeatable levels by time:
     D:8: 1966 daAuts
     D:4: 1738 daAuts
     D:7: 1362 daAuts
     D:1: 1112 daAuts
     D:3: 1105 daAuts
     D:5: 985 daAuts
     D:2: 972 daAuts
     D:6: 927 daAuts
     D:9: 543 daAuts
